 Dungeon Crawl Stone Soup version 0.29-a0-559-g359e09b9d1 (webtiles) character file.

Game seed: 2623284589089508403

357 dolemite99 the Basher (level 7, 0/57 HPs)
             Began as a Meteoran Cinder Acolyte on June 9, 2022.
             Was a High Priest of Ignis.
             Slain by a wraith (2 damage)
             ... on level 5 of the Dungeon.
             The game lasted 00:05:03 (2893 turns).

dolemite99 the Basher (Meteoran Cinder Acolyte)     Turns: 2893, Time: 00:05:04

Health: 0/57       AC: 10    Str: 18    XL:     7   Next: 17%
Magic:  10/10      EV:  6    Int: 16    God:    Ignis [*****.]
Gold:   221        SH:  0    Dex: 15    Spells: 6/8 levels left

rFire   + . .      SeeInvis .   a - +0 mace (flame)
rCold   + . .      Faith    .   (no shield)
rNeg    . . .      Spirit   .   l - +0 chain mail
rPois   .          Reflect  .   q - +1 helmet
rElec   .          Harm     .   (no cloak)
rCorr   .          Rampage  .   (no gloves)
Will    .....                   (no boots)
Stlth   ..........              (no amulet)
HPRegen 0.19/turn               r - ring of protection from cold
MPRegen 0.12/turn               e - +6 ring of dexterity

@: attractive, slowed, glowing, very slow
A: sense surroundings 1, otherworldly, glowing, explore regen
a: Renounce Religion, Fiery Armour, Foxfire Swarm, Rising Flame


You were on level 5 of the Dungeon.
You worshipped Ignis.
Ignis was extremely pleased with you.
You visited 2 branches of the dungeon, and saw 6 of its levels.

You collected 221 gold pieces.

Inventory:

Hand Weapons
 a - a +0 mace of flaming (weapon)
 g - a +0 war axe
Missiles
 p - 6 atropa-tipped darts (quivered)
Armour
 b - a +0 robe
 c - a +0 helmet
 i - a +0 ring mail
 l - a +0 chain mail (worn)
 m - a +0 pair of boots
 q - a +1 helmet (worn)
Jewellery
 e - a +6 ring of dexterity (right hand)
 r - a ring of protection from cold (left hand)
Wands
 o - a wand of mindburst (18)
Scrolls
 d - a scroll of magic mapping
 h - a scroll of teleportation
 n - a scroll of fog
 s - a scroll of identify {@r1}
Potions
 f - 2 potions of flight
 j - a potion of lignification
 t - a potion of brilliance {unknown}
 u - a potion of attraction


   Skills:
 - Level 3.2 Fighting
 + Level 9.5 Maces & Flails
 - Level 1.3 Spellcasting
 - Level 3.6 Fire Magic


You had 6 spell levels left.
You knew the following spells:

 Your Spells              Type           Power      Damage    Failure   Level
a - Scorch                Fire           24%        2d6       77%         2

Your spell library contained the following spells:

 Spells                   Type           Power      Damage    Failure   Level
 Conjure Ball Lightning   Conj/Air       0%         3x3d6     100%        6
 Discord                  Hex            0%         N/A       100%        8
 Disjunction              Tloc           0%         N/A       100%        8


Dungeon Overview and Level Annotations

Branches:
Dungeon (5/15)             Temple (1/1) D:5

Altars:
Ashenzari
Cheibriados
Elyvilon
Hepliaklqana
Kikubaaqudgha
Nemelex Xobeh
Okawaru
Sif Muna
Trog
Vehumet
Wu Jian
Yredelemnul
The Shining One


Innate Abilities, Weirdness & Mutations

You passively map a small area around you.
You are easily found by Zot.
You glow in the dark.
You regain HP and MP as you explore.


Message History

It was a potion of curing.
You feel better. The wraith barely misses you.
The wraith hits you but does no damage.
You feel better. The wraith hits you but does no damage.
You feel better. The wraith hits you. The wraith hits you but does no damage.
You hit the wraith. You burn the wraith.
The wraith is heavily damaged.
You feel less wooden.
Your +1 helmet unmelds from your body.
Your +0 chain mail unmelds from your body.
You feel yourself speed up. The wraith hits you but does no damage.
You hit the wraith. You burn the wraith.
The wraith is severely damaged.
The wraith hits you!
* * * LOW HITPOINT WARNING * * *
The wraith drains your vigour!
You feel yourself slow down.
You hit the wraith but do no damage.
The wraith is severely damaged.
The wraith barely misses you.
You hit the wraith but do no damage.
The wraith is severely damaged.
The wraith hits you but does no damage.
An orc comes into view. It is wielding a +0 falchion.
The wraith hits you!
* * * LOW HITPOINT WARNING * * *
The orc is attracted toward you.
The orc shouts!
You hit the wraith but do no damage.
The wraith is severely damaged.
The wraith hits you but does no damage.
You closely miss the wraith. You punch the wraith, but do no damage.
The wraith is severely damaged.
The wraith hits you.
* * * LOW HITPOINT WARNING * * *
The wraith drains your vigour!
You feel as though you will be slow longer.
You completely miss the wraith.
The wraith is severely damaged.
The wraith hits you but does no damage. The wraith hits you.
You die...

#..##..# #.#.# , *
#.##..######.#.#
#............#.#
##.###...P.P..#.# ,
*#....<....>...#.# *
#....#####..P.P..#.#
##.#.#####.......#
#.#.#.<.#.#####.#* *
* # #.#..)ยง.ooW@..#
..........#)#######
#####.#####.# * #.
#W. , * # * ..## **
, ... , * * .... *
** #.#. * , #.*.# ,


You could see a wraith and 2 orcs.

Vanquished Creatures
  A centaur (D:5)
  2 hounds
  An orc priest (D:5)
  2 iguanas
  A gnoll (D:1)
  6 adders
  An ufetubus (D:4)
  A worm (D:2)
  A dart slug (D:5)
  An orc (D:5)
  7 ball pythons
  8 bats
  6 endoplasms
  A giant cockroach (D:1)
  7 goblins
  7 hobgoblins
  3 quokkas
  5 kobolds
  10 rats
71 creatures vanquished.

Notes
Turn   | Place    | Note
-------+----------+-------------------------------------------
     0 | D:1      | dolemite99 the Meteoran Cinder Acolyte began the quest for
                  | the Orb.
     0 | D:1      | Reached XP level 1. HP: 19/19 MP: 3/3
    48 | D:1      | Reached XP level 2. HP: 14/26 MP: 5/5
   131 | D:1      | Found a faded altar of an unknown god.
   141 | D:1      | Reached skill level 5 in Maces & Flails
   141 | D:1      | Reached XP level 3. HP: 22/31 MP: 6/6
   247 | D:1      | Learned a level 2 spell: Scorch
   565 | D:2      | Reached skill level 6 in Maces & Flails
   565 | D:2      | Reached XP level 4. HP: 22/38 MP: 7/7
  1591 | D:4      | Reached XP level 5. HP: 44/45 MP: 8/8
  1603 | D:4      | Reached skill level 7 in Maces & Flails
  2293 | D:4      | Glimpsed the power of Zot.
  2315 | D:5      | Entered Level 5 of the Dungeon
  2315 | D:5      | Found a staircase to the Ecumenical Temple.
  2338 | D:5      | Reached skill level 8 in Maces & Flails
  2338 | D:5      | Reached XP level 6. HP: 12/51 MP: 9/9
  2534 | D:5      | Reached skill level 9 in Maces & Flails
  2557 | Temple   | Entered the Ecumenical Temple
  2842 | D:5      | Noticed a centaur
  2848 | D:5      | Noticed a wraith
  2853 | D:5      | Killed a centaur
  2854 | D:5      | Reached XP level 7. HP: 22/57 MP: 10/10
  2892 | D:5      | HP: 2/57 [wraith (5)]
  2893 | D:5      | Slain by a wraith

Illustrated notes

Levels and vault maps discovered:
D:1:      matt_arrival_refuge, layout_rooms, basic_ecumenical_altar,
          minmay_misc_feat_plants
D:2:      layout_basic
D:3:      layout_basic, mrwooster_statue_mirror
D:4:      layout_gridville, kennysheep_mini
D:5:      layout_loops_ring, mainiacjoe_overflow_tiny_flanked,
          grunt_dithmenos_shadows, minmay_temple_entry_trees
Temple:   oiseaux_autumnal_temple

Skill      XL: |  1  2  3  4  5  6 |
---------------+-------------------+-----
Maces & Flails | 5 6 8 9 |  9.5
Fighting       | |  3.2
Spellcasting   | |  1.3
Fire Magic     | |  3.6

Action                   |  1- 3 |  4- 6 |  7- 9 || total
-------------------------+-------+-------+-------++-------
Melee: Mace              |    29 |   111 |    30 ||   170
       Punch             |       |       |     1 ||     1
Throw: Dart              |     9 |    24 |       ||    33
Invok: Fiery Armour      |     2 |       |       ||     2
  Use: Scroll            |     1 |     8 |       ||     9
       Potion            |       |     1 |     6 ||     7
 Stab: Invisible         |       |     1 |       ||     1
Armor: Robe              |    22 |       |       ||    22
       Chain mail        |       |    97 |     5 ||   102
       Skin              |       |       |    20 ||    20
Dodge: Dodged            |    23 |    36 |     4 ||    63

Table legend: (Time is in decaauts)
 A = Elapsed time spent in this place.
 B = Non-inter-level travel time spent in this place.
 C = Inter-level travel time spent in this place.
 D = Time resting spent in this place.
 E = Time spent auto-exploring this place.
 F = Levels seen in this place.
 G = Mean time per level.
                   A        B        C        D        E       F      G
               +--------+--------+--------+--------+--------+-----+--------+
         Total |   2914 |   2771 |    143 |    783 |   1229 |   6 |  485.7 |
       Dungeon |   2627 |   2519 |    108 |    783 |    989 |   5 |  525.4 |
        Temple |    287 |    252 |     35 |      0 |    240 |   1 |  287.0 |
               +--------+--------+--------+--------+--------+-----+--------+

Top non-repeatable levels by time:
     D:4: 802 daAuts
     D:2: 659 daAuts
     D:3: 507 daAuts
     D:1: 411 daAuts
  Temple: 287 daAuts
     D:5: 247 daAuts
